 Dungeon Crawl Stone Soup version 0.21.1-1-g345015f (webtiles) character file.

254 tidbits the Charmwright (level 6, 12/49 (50) HPs)
             Began as a Gnoll Skald on June 22, 2018.
             Quit the game on level 4 of the Dungeon.
             The game lasted 00:02:43 (196 turns).

tidbits the Charmwright (Gnoll Skald)                Turns: 196, Time: 00:02:44

HP:   12/49 (50)    AC:  4    Str: 14    XL:     6   Next: 14%
MP:   2/13          EV: 14    Int: 17    God:
Gold: 21            SH:  0    Dex: 14    Spells: 4/15 levels left

rFire    . . .     SeeInvis .   a - +0 hand axe
rCold    . . .     Gourm    .   (no shield)
rNeg     . . .     Faith    .   b - +0 leather armour
rPois    .         Spirit   .   (no helmet)
rElec    .         Reflect  .   (no cloak)
rCorr    .         Harm     .   (no gloves)
MR       .....                  F - +0 pair of boots
Stlth    ++........             (no amulet)
HPRegen  0.00/turn              (no ring)
MPRegen  0.13/turn              (no ring)

@: non-regenerating, diseased
A: distributed training, fangs 1, strong nose
a: no special abilities


You were on level 4 of the Dungeon.
You were not hungry.

You visited 1 branch of the dungeon, and saw 4 of its levels.

You collected 21 gold pieces.

Inventory:

Hand Weapons
 a - a +0 hand axe (weapon)
 e - a +0 dagger
Armour
 b - a +0 leather armour (worn)
 h - a +0 ring mail
 F - a +0 pair of boots (worn)
Scrolls
 f - a scroll of immolation {unknown}
Books
 c - a book of Battle

   Spells                             Type                      Level
   a - Infusion                       Charms                       1
   b - Shroud of Golubria             Charms/Translocation         2
   c - Song of Slaying                Charms                       2
   d - Spectral Weapon                Hexes/Charms                 3
   e - Regeneration                   Charms/Necromancy            3
Comestibles
 d - 3 rations


   Skills:
 + Level 4.9 Fighting
 + Level 1.8 Short Blades
 + Level 1.8 Long Blades
 + Level 4.9 Axes
 + Level 1.8 Maces & Flails
 + Level 1.8 Polearms
 + Level 1.8 Staves
 + Level 1.8 Slings
 + Level 1.8 Bows
 + Level 1.8 Crossbows
 + Level 1.8 Throwing
 + Level 3.1 Armour
 + Level 4.9 Dodging
 + Level 1.8 Stealth
 + Level 1.8 Shields
 + Level 1.8 Unarmed Combat
 + Level 5.3 Spellcasting
 + Level 1.4 Conjurations
 + Level 1.4 Hexes
 + Level 5.6 Charms
 + Level 1.4 Summonings
 + Level 1.4 Necromancy
 + Level 1.4 Translocations
 + Level 1.4 Transmutations
 + Level 1.4 Fire Magic
 + Level 1.4 Ice Magic
 + Level 1.4 Air Magic
 + Level 1.4 Earth Magic
 + Level 1.4 Poison Magic
 + Level 2.0 Invocations
 + Level 1.8 Evocations


You had 4 spell levels left.
You knew the following spells:

 Your Spells              Type           Power        Failure   Level  Hunger
g - Shroud of Golubria    Chrm/Tloc      ###.......   6%          2    #......
i - Infusion              Chrm           ###.         1%          1    None
r - Regeneration          Chrm/Necr      ###.......   12%         3    ##.....
w - Spectral Weapon       Hex/Chrm       ###.....     12%         3    ##.....
y - Song of Slaying       Chrm           ###.....     2%          2    #......


Dungeon Overview and Level Annotations

Branches:
Dungeon (4/15)
 Temple: D:4-7

Altars:


Innate Abilities, Weirdness & Mutations

Your experience applies equally to all skills.
You have very sharp teeth.
Your uncanny sense of smell can sniff out nearby items.


Message History

You hit the howler monkey. Your bite misses the howler monkey.
The howler monkey is heavily wounded.
The howler monkey barely misses you.
A quokka comes into view.
You barely miss the howler monkey.
The howler monkey is heavily wounded.
The howler monkey hits you but does no damage.
The howler monkey hits you. The quokka barely misses you.
Casting: Shroud of Golubria
Confirm with . or Enter, or press ? or * to list all spells.
You draw out your weapon's spirit!
The howler monkey closely misses you. The quokka bites you.
The quokka bites you.
You hit the howler monkey.
The howler monkey is heavily wounded.
You barely miss the quokka.
Your spectral weapon hits the howler monkey.
The howler monkey barely misses you. The quokka misses you.
The howler monkey hoots and howls with incredible vigour!
You barely miss the quokka. You hit the howler monkey.
Your song has ended.
Your spectral weapon hits the quokka.
You kill the quokka!
The howler monkey misses you.
You hit the howler monkey.
You kill the howler monkey!
Your Armour skill increases to level 3!
An orc and a dart slug come into view.
You hit the necrophage but do no damage.
You punch the necrophage.
The necrophage is lightly damaged.
Your spectral weapon hits the necrophage!
The necrophage hits you but does no damage.
Unknown command.
You barely miss the necrophage. You bite the necrophage.
The necrophage is heavily damaged.
Your spectral weapon misses the necrophage.
The necrophage hits you but does no damage.
The orc misses you. The necrophage hits you.
You feel ill.
You feel your flesh rotting away!
Unknown command.
You hit the necrophage.
The necrophage is severely damaged.
You barely miss the orc. You hit the dart slug but do no damage.
Your spectral weapon completely misses the necrophage.
Your spectral weapon hits the dart slug.
The necrophage misses you. The orc hits you but does no damage.
You hit the necrophage.
The necrophage is severely damaged.
You hit the dart slug. You closely miss the orc.
Your spectral weapon barely misses the necrophage.
Your spectral weapon hits the dart slug.
The dart slug closely misses you. The necrophage barely misses you.
You hit the necrophage.
The necrophage is almost destroyed.
You barely miss the orc. You hit the dart slug.
You kill the dart slug!
Your spectral weapon hits the necrophage.
You destroy the necrophage!
Your Invocations skill increases to level 2!
You have reached level 6!
Your experience leads to an increase in your attributes!
Increase (S)trength, (I)ntelligence, or (D)exterity?
You feel clever. The orc hits you with a mace.
* * * LOW HITPOINT WARNING * * *
You hit the hound. Your bite misses the hound.
The hound is lightly wounded.
You barely miss the orc.
Your spectral weapon hits the hound!
The hound closely misses your spectral weapon.
The orc hits you with a mace.
* * * LOW HITPOINT WARNING * * *
The hound bites your spectral weapon but does no damage.
You closely miss the hound.
The hound is heavily wounded.
You hit the orc.
Your spectral weapon fades away.
The hound bites you.
* * * LOW HITPOINT WARNING * * *
The orc hits you but does no damage.
You aren't carrying any potions.
Unknown command.
You hit the hound but do no damage.
The hound is heavily wounded.
You hit the orc. The hound bites you but does no damage. The orc misses you.
The hound bites you.
* * * LOW HITPOINT WARNING * * *
You hit the hound. You bite the hound, but do no damage.
The hound is almost dead.
You hit the orc.
You kill the orc!
The hound bites you but does no damage.
You miss the hound.
The hound is almost dead.
The hound misses you. The hound bites you.
* * * LOW HITPOINT WARNING * * *
You barely miss the hound.
The hound is almost dead.
The hound closely misses you.
Are you sure you want to abandon this character and quit the game? (Confirm with "yes".)

###############
#<............#.
#######.##......
.......)...# .
########.##.##.##
.................
#.####.#.##..#.#
#..)@..# ...##
#.##h### ......
#.#.##a####...[##
..................
##.#.........#.?#
####......#
#.##.#.# #.##.#.#
...... #


You could see a hound and a worker ant.

Vanquished Creatures
  A necrophage (D:4)
  A howler monkey (D:4)
  An orc priest (D:3)
  2 orc wizards (D:3)
  A hound skeleton (D:4)
  2 dart slugs
  A leopard gecko (D:3)
  6 orcs
  2 giant cockroaches
  2 goblins
  2 hobgoblins
  2 quokkas
  2 bats
  A kobold (D:3)
26 creatures vanquished.

Notes
Turn   | Place    | Note
-------+----------+-------------------------------------------
     0 | D:1      | tidbits the Gnoll Skald began the quest for the Orb.
     0 | D:1      | Reached XP level 1. HP: 20/20 MP: 6/6
    56 | D:2      | Reached XP level 2. HP: 26/26 MP: 2/7
    60 | D:2      | Learned a level 2 spell: Song of Slaying
    63 | D:2      | Learned a level 2 spell: Shroud of Golubria
    85 | D:3      | Reached skill level 5 in Spellcasting
    85 | D:3      | Reached XP level 3. HP: 26/31 MP: 1/9
    85 | D:3      | Reached skill level 1 in Invocations
    90 | D:3      | Reached skill level 1 in Short Blades
    90 | D:3      | Reached skill level 1 in Long Blades
    90 | D:3      | Reached skill level 1 in Maces & Flails
    90 | D:3      | Reached skill level 1 in Polearms
    90 | D:3      | Reached skill level 1 in Staves
    90 | D:3      | Reached skill level 1 in Slings
    90 | D:3      | Reached skill level 1 in Bows
    90 | D:3      | Reached skill level 1 in Crossbows
    90 | D:3      | Reached skill level 1 in Throwing
    90 | D:3      | Reached skill level 1 in Stealth
    90 | D:3      | Reached skill level 1 in Shields
    90 | D:3      | Reached skill level 1 in Unarmed Combat
    90 | D:3      | Reached skill level 1 in Evocations
    90 | D:3      | Reached XP level 4. HP: 20/38 MP: 1/11
    95 | D:3      | Reached skill level 1 in Conjurations
    95 | D:3      | Reached skill level 1 in Hexes
    95 | D:3      | Reached skill level 1 in Summonings
    95 | D:3      | Reached skill level 1 in Necromancy
    95 | D:3      | Reached skill level 1 in Translocations
    95 | D:3      | Reached skill level 1 in Transmutations
    95 | D:3      | Reached skill level 1 in Fire Magic
    95 | D:3      | Reached skill level 1 in Ice Magic
    95 | D:3      | Reached skill level 1 in Air Magic
    95 | D:3      | Reached skill level 1 in Earth Magic
    95 | D:3      | Reached skill level 1 in Poison Magic
   124 | D:3      | Learned a level 3 spell: Regeneration
   129 | D:3      | Learned a level 3 spell: Spectral Weapon
   152 | D:4      | Reached XP level 5. HP: 37/43 MP: 1/12
   162 | D:4      | Noticed a necrophage
   184 | D:4      | Reached skill level 3 in Armour
   189 | D:4      | Killed a necrophage
   189 | D:4      | Reached skill level 2 in Invocations
   189 | D:4      | Reached XP level 6. HP: 26/49 MP: 1/13
   196 | D:4      | Quit the game

Skill      XL: |  1  2  3  4  5 |
---------------+----------------+-----
Spellcasting   | 5 |  5.3
Invocations    | 1 2 |  2.0
Short Blades   | 1 |  1.8
Long Blades    | 1 |  1.8
Maces & Flails | 1 |  1.8
Polearms       | 1 |  1.8
Staves         | 1 |  1.8
Slings         | 1 |  1.8
Bows           | 1 |  1.8
Crossbows      | 1 |  1.8
Throwing       | 1 |  1.8
Stealth        | 1 |  1.8
Shields        | 1 |  1.8
Unarmed Combat | 1 |  1.8
Evocations     | 1 |  1.8
Conjurations   | 1 |  1.4
Hexes          | 1 |  1.4
Summonings     | 1 |  1.4
Necromancy     | 1 |  1.4
Translocations | 1 |  1.4
Transmutations | 1 |  1.4
Fire Magic     | 1 |  1.4
Ice Magic      | 1 |  1.4
Air Magic      | 1 |  1.4
Earth Magic    | 1 |  1.4
Poison Magic   | 1 |  1.4
Armour         | 3 |  3.1
Fighting       | |  4.9
Axes           | |  4.9
Dodging        | |  4.9
Charms         | |  5.6

Action                   |  1- 3 |  4- 6 || total
-------------------------+-------+-------++-------
Melee: Hand axe          |    17 |    35 ||    52
       Bite              |     2 |     4 ||     6
       Punch             |       |     1 ||     1
Throw: Tomahawk          |       |     2 ||     2
 Cast: Infusion          |     2 |       ||     2
       Song of Slaying   |     1 |     1 ||     2
       Shroud of Golubri |     1 |     1 ||     2
       Spectral Weapon   |       |     2 ||     2
       Regeneration      |       |     1 ||     1
Armor: Leather armour    |     4 |     6 ||    10
Dodge: Dodged            |    23 |    27 ||    50

Table legend:
 A = Turns spent in this place as a percentage of turns spent in the entire game.
 B = Non-inter-level travel turns spent in this place as a percentage of non-inter-level travel turns spent in the entire game.
 C = Inter-level travel turns spent in this place as a percentage of turns spent in this place.
 D = Turns resting spent in this place as a percentage of non-inter-level travel turns spent in this place.
 E = Turns spent auto-exploring this place as a percentage of non-inter-level travel turns spent in this place.
 F = Non-inter-level travel turns spent in this place divided by the number of levels of this place that you've seen.
                   A       B       C       D       E      F
               +-------+-------+-------+-------+-------+----------------------
         Total | 100.0 | 100.0 |   0.0 |   0.0 |   0.0 |  49.0
       Dungeon | 100.0 | 100.0 |   0.0 |   0.0 |   0.0 |  49.0
               +-------+-------+-------+-------+-------+----------------------

Table legend:
 A = Kills in this place as a percentage of kills in entire the game.
 B = Kills by you in this place as a percentage of kills by you in the entire game.
 C = Kills by friends in this place as a percentage of kills by friends in the entire game.
 D = Other kills in this place as a percentage of other kills in the entire game.
 E = Experience gained in this place as a percentage of experience gained in the entire game.
 F = Experience gained in this place divided by the number of levels of this place that you have seen.
                   A       B       C       D       E      F
               +-------+-------+-------+-------+-------+----------------------
         Total | 100.0 | 100.0 |   N/A |   N/A | 100.0 |  90.8
       Dungeon | 100.0 | 100.0 |   N/A |   N/A | 100.0 |  90.8
               +-------+-------+-------+-------+-------+----------------------

Vault maps used:
D:1:      dpeg_arrival_fog
D:2:      nicolae_overflow_quartered_altars, minmay_randomly_rotated_circles
D:3:      old_standard_altar, grunt_ministairs_15, grunt_decor_arrowhead
D:4:      lemuel_coloured_pillars_altar, overflow_temple_1_default,
          minmay_temple_entry_from_below_a, first_ration, st_stairs_14,
          fedhas_altar_2
